 Dungeon Crawl Stone Soup version 0.21-a0-171-g0f4a3b6 (webtiles) character file.

12833 Manul the Cleaver (level 11, -10/86 HPs)
             Began as a Mummy Gladiator on Aug 6, 2017.
             Was an Initiate of Gozag.
             Hit by a large rock thrown by a stone giant (42 damage)
             ... on level 1 of the Orcish Mines on Aug 7, 2017.
             The game lasted 00:21:23 (17684 turns).

Manul the Cleaver (Mummy Gladiator)                Turns: 17684, Time: 00:21:24

Health: -10/86     AC: 14    Str: 24    XL:     11   Next: 67%
Magic:  12/12      EV: 14    Int:  8    God:    Gozag
Gold:   1131       SH: 11    Dex: 15    Spells: 10/10 levels left

rFire    x . .     SeeInvis .   b - +3 war axe (chop)
rCold    + . .     Gourm    .   j - +0 shield
rNeg     + + +     Faith    .   w - +3 leather armour
rPois    ∞         Spirit   .   q - +2 helmet
rElec    .         Reflect  .   (no cloak)
rCorr    +         Harm     .   M - +0 pair of gloves
MR       +....                  I - +2 pair of boots {Stlth+}
Stlth    +++.......             y - amulet of regeneration
HPRegen  0.64/turn              K - ring of resist corrosion
MPRegen  0.13/turn              z - +5 ring of strength

@: very slightly contaminated, studying Axes
A: no food or potions, fire vulnerability, cold resistance 1, negative energy
resistance 3, torment resistance, unbreathing
a: Potion Petition, Call Merchant, Bribe Branch, Renounce Religion


You were on level 1 of the Orcish Mines.
You worshipped Gozag.
Gozag was most pleased with you.
You were not hungry.

You visited 3 branches of the dungeon, and saw 15 of its levels.

You collected 2331 gold pieces.
You spent 448 gold pieces at shops.
You paid 752 gold pieces to Gozag.

Inventory:

Hand Weapons
 b - a +3 war axe of chopping (weapon)
 k - a +4 flail of draining
 l - a +0 whip
 m - a +1 short sword of distortion
Armour
 c - a +0 helmet
 j - a +0 shield (worn)
 q - a +2 helmet (worn)
 w - a +3 leather armour (worn)
 I - a +2 pair of boots of stealth (worn)
 M - a +0 pair of gloves (worn)
Jewellery
 a - an uncursed amulet of guardian spirit
 y - an amulet of regeneration (around neck)
 z - a +5 ring of strength (right hand)
 K - a ring of resist corrosion (left hand)
Wands
 d - a wand of polymorph (8/24)
 e - a wand of flame (0/48)
 g - a wand of iceblast (9/15)
 n - a wand of enslavement (7/24)
 p - a wand of paralysis (15/24)
 v - a wand of acid (6/15)
 x - a wand of flame (33/48)
 B - a wand of disintegration (15/24)
 G - a wand of paralysis (14/24)
Scrolls
 f - 4 scrolls of enchant armour
 h - 2 scrolls of immolation {unknown}
 o - 4 scrolls of magic mapping
 r - 4 scrolls of remove curse
 s - 4 scrolls of identify
 t - 4 scrolls of enchant weapon
 u - a scroll of fear
 L - a scroll of silence
Books
 C - a book of Maledictions

   Spells                             Type                      Level
   a - Corona                         Hexes                        1
   b - Ensorcelled Hibernation        Hexes/Ice                    2
   c - Confuse                        Hexes                        3
   d - Tukima's Dance                 Hexes                        3
   e - Dazzling Spray                 Conjuration/Hexes            3
 D - the Compendium of Weightlessness and Boosts
   (You found it on level 9 of the Dungeon)

   Spells                             Type                      Level
   a - Song of Slaying                Charms                       2
   b - Regeneration                   Charms/Necromancy            3
   c - Conjure Ball Lightning         Conjuration/Air              6
 F - a manual of Axes
 H - a book of Air

   Spells                             Type                      Level
   a - Shock                          Conjuration/Air              1
   b - Swiftness                      Charms/Air                   2
   c - Static Discharge               Conjuration/Air              3
   d - Airstrike                      Air                          4
   e - Lightning Bolt                 Conjuration/Air              5
Miscellaneous
 E - a lightning rod (2/4)


   Skills:
 + Level 8.1 Fighting
 - Level 9.8(10.3) Axes
 - Level 4.9(8.0) Maces & Flails
 - Level 1.6 Throwing
 + Level 4.9 Armour
 + Level 6.8 Dodging
 + Level 1.5 Stealth
 + Level 7.0 Shields
 + Level 2.0 Evocations


You had 10 spell levels left.
You didn't know any spells.

Dungeon Overview and Level Annotations

Branches:
Dungeon (13/15)            Temple (1/1) D:5            Lair (0/6) D:8
    Orc (1/2) D:10         Vaults (0/5) D:13

Altars:
Ashenzari
Cheibriados
Dithmenos
Elyvilon
Fedhas
Gozag
Hepliaklqana
Kikubaaqudgha
Makhleb
Nemelex Xobeh
Okawaru
Qazlal
Ru
Sif Muna
Trog
Uskayaw
Vehumet
Wu Jian
Xom
Yredelemnul
Zin
The Shining One

Shops:
D:4 (   D:6 (   D:8 }   D:9 [   D:10 [   D:12 [   Orc:1 *!!

Portals:
Ice
Cave: D:12

Annotations:
D:12 Azrael


Innate Abilities, Weirdness & Mutations

You do not eat or drink.
Your flesh is vulnerable to fire.
You are immune to poison.
Your flesh is cold resistant. (rC+)
You are immune to negative energy. (rN+++)
You are immune to unholy pain and torment.
You can survive without breathing.


Message History

Aiming: Paralyse
Press: ? - help, Shift-Dir - straight line, f/p - stone giant
Aim: a stone giant (moderately wounded, chance to defeat MR: 9%)
Okay, then.
Okay, then.
You hit the stone giant but do no damage.
The stone giant is moderately wounded.
The stone giant hits you!
Evoke which item? (* to show all) (? for menu, Esc to quit)
Aiming: Paralyse
Press: ? - help, Shift-Dir - straight line, f/p - stone giant
Aim: a stone giant (moderately wounded, chance to defeat MR: 9%)
Okay, then.
Blink to where?
Press: ? - help, Dir - move target cursor, p - stone giant You are very lightly contaminated with residual magic.
As you read the scroll of blinking, it crumbles to dust.
The stone giant throws a large rock.
The large rock hits you!!!
You die...
Your body crumbles into a pile of gold.

##....(.## ####......#..##
.......§.####.##..........# $
......C.#.###.....##......###
..........#∩+.....###.......#
.....#....###....####......##
..........##.......#........#
.∩#...........#....##.[)..###
...#..........#....#....).#
#.###....#...@...........## #
#........#.##......####
##...##.######......# . ##.#
### ##.......#######. ##
##..........##....
#[..........##....
#..................
#......####........# #.....##
#)).......


You could see a stone giant.

Vanquished Creatures
  The ghost of Grangar the Carver, a journeyman MiFi of Okawaru (D:10)
  3 two-headed ogres
  Nergalle (Orc:1)
  An unseen horror (D:10)
  2 gargoyles (D:12)
  A freezing wraith (D:11)
  A troll (shapeshifter) (D:12)
  A troll (D:10)
  A hornet (D:10)
  2 wyverns
  3 hogs (D:11)
  A human (D:11)
  7 yaks
  Edmund (D:6)
  A hell hound (D:12)
  2 water moccasins
  4 orc warriors
  3 sky beasts
  An ice beast (D:10)
  3 phantoms
  3 black bears
  An eye of draining (D:10)
  4 centaurs
  5 ogres
  3 crocodiles
  2 big kobolds
  A wyvern zombie (D:9)
  6 bullfrogs
  A gnoll sergeant (D:9)
  2 scorpions
  2 howler monkeys (D:6)
  2 electric eels (D:10)
  A bullfrog zombie (D:8)
  7 crimson imps
  6 hounds
  A quasit (D:5)
  7 orc priests
  3 jellies
  2 centaur skeletons
  13 orc wizards
  Terence (D:2)
  6 worker ants
  2 hound zombies
  A hound skeleton (D:5)
  A howler monkey zombie (D:8)
  3 worker ant zombies
  17 gnolls
  A howler monkey skeleton (D:6)
  15 adders
  3 shadow imps
  4 white imps (D:12)
  2 adder zombies
  4 worms
  2 dart slugs
  11 leopard geckos
  43 orcs
  2 giant cockroaches
  11 goblins
  5 hobgoblins
  4 jackals (D:4)
  5 quokkas
  4 ball pythons
  9 bats
  5 frilled lizards
  A jackal skeleton (D:8)
  14 kobolds
  A quokka skeleton (D:6)
  7 rats
296 creatures vanquished.

Vanquished Creatures (collateral kills)
  An ogre (D:5)
1 creature vanquished.

Vanquished Creatures (others)
  An orc (D:5)
1 creature vanquished.

Grand Total: 298 creatures vanquished

Notes
Turn   | Place    | Note
-------+----------+-------------------------------------------
     0 | D:1      | Manul the Mummy Gladiator began the quest for the Orb.
     0 | D:1      | Reached XP level 1. HP: 16/16 MP: 1/1
   611 | D:1      | Reached XP level 2. HP: 22/22 MP: 2/2
   985 | D:2      | Reached XP level 3. HP: 27/27 MP: 3/3
  1018 | D:2      | Found a basalt altar of Yredelemnul.
  1020 | D:2      | Noticed a profane servitor
  1029 | D:2      | Found a glowing golden altar of the Shining One.
  1034 | D:2      | Noticed Terence
  1048 | D:2      | Killed Terence
  1048 | D:2      | Reached skill level 3 in Axes
  1310 | D:2      | Reached XP level 4. HP: 32/34 MP: 4/4
  1322 | D:2      | Found a shimmering altar of Xom.
  1644 | D:2      | Reached skill level 1 in Armour
  1646 | D:2      | Found a faded altar of an unknown god.
  2483 | D:2      | Noticed an angel
  2652 | D:2      | Reached XP level 5. HP: 18/39 MP: 5/5
  3353 | D:3      | Found a burning altar of Makhleb.
  3399 | D:3      | Found a glowing silver altar of Zin.
  3911 | D:3      | Reached skill level 1 in Shields
  3950 | D:4      | Noticed a phantom
  3971 | D:4      | Found Pybon's Antique Weapon Shoppe.
  4346 | D:4      | Found a radiant altar of Vehumet.
  4834 | D:4      | Reached XP level 6. HP: 21/47 MP: 6/6
  5024 | D:4      | Reached skill level 4 in Axes
  5551 | D:5      | Entered Level 5 of the Dungeon
  5689 | D:5      | Found a staircase to the Ecumenical Temple.
  5693 | Temple   | Entered the Ecumenical Temple
  5776 | Temple   | Became a worshipper of Gozag Ym Sagoz the Greedy
  6064 | D:5      | Reached XP level 7. HP: 52/52 MP: 7/7
  7285 | D:5      | Reached skill level 5 in Axes
  7720 | D:5      | Reached skill level 1 in Evocations
  7880 | D:5      | Reached XP level 8. HP: 21/60 MP: 8/8
  9670 | D:6      | Reached skill level 1 in Maces & Flails
  9786 | D:6      | Found a snail-covered altar of Cheibriados.
  9793 | D:6      | Found Fibif's Antique Weapon Shop.
  9801 | D:6      | Bought a runed war axe for 169 gold pieces
 10008 | D:6      | Noticed Edmund
 10018 | D:6      | Killed Edmund
 10033 | D:6      | Found a sparkling altar of Nemelex Xobeh.
 10445 | D:7      | Reached XP level 9. HP: 61/67 MP: 9/9
 10455 | D:7      | Reached skill level 5 in Fighting
 10696 | D:7      | Found an iron altar of Okawaru.
 11121 | D:8      | Found a staircase to the Lair.
 11661 | D:8      | Found Equsyz's Gadget Emporium.
 11702 | D:8      | Found a stormy altar of Qazlal.
 11704 | D:8      | Found a bloodstained altar of Trog.
 11779 | D:8      | Reached skill level 5 in Dodging
 12103 | D:9      | Identified the Compendium of Weightlessness and Boosts
 12452 | D:9      | Found a hazy altar of Hepliaklqana.
 12748 | D:10     | Entered Level 10 of the Dungeon
 12761 | D:10     | Noticed a troll
 13002 | D:9      | Bought a +2 pair of boots of stealth for 279 gold pieces
 13205 | D:10     | Reached skill level 6 in Axes
 13460 | D:10     | Reached XP level 10. HP: 76/76 MP: 10/10
 13510 | D:10     | Reached skill level 7 in Axes
 13721 | D:10     | Noticed a two-headed ogre
 13906 | D:10     | Noticed Grangar's ghost (journeyman MiFi)
 13908 | D:10     | Noticed a two-headed ogre
 13923 | D:10     | Killed a two-headed ogre
 13923 | D:10     | Reached skill level 8 in Axes
 13923 | D:10     | Reached skill level 5 in Shields
 13924 | D:10     | Killed Grangar's ghost
 14016 | D:10     | Reached skill level 9 in Axes
 14933 | D:10     | Reached XP level 11. HP: 61/84 MP: 12/12
 15097 | D:10     | You fall through a shaft for 3 floors!
 15111 | D:13     | Found a gate to the Vaults.
 15111 | D:13     | Noticed a vault guard
 15111 | D:13     | Noticed a vault guard
 15111 | D:13     | Noticed a vault guard
 15112 | D:13     | Noticed a vault guard
 15112 | D:13     | Noticed a vault guard
 15112 | D:13     | Noticed a vault guard
 15112 | D:13     | Noticed a vault guard
 15112 | D:13     | Noticed a vault guard
 15169 | D:12     | Found a frozen archway.
 15185 | D:12     | Found Kien's Armour Boutique.
 15186 | D:12     | Noticed Azrael
 15191 | D:12     | Upgraded the game from 0.21-a0-164-g4aaa757 to 0.21-a0-171-g0f4a3b6
 15880 | D:11     | Noticed a two-headed ogre
 15894 | D:11     | Killed a two-headed ogre
 16682 | D:10     | Found Qiofiuco's Antique Armour Shop.
 16699 | D:10     | Killed a two-headed ogre
 16699 | D:10     | Reached skill level 1 in Stealth
 16703 | D:10     | Found a staircase to the Orcish Mines.
 16805 | D:10     | Killed an unseen horror
 17272 | Orc:1    | Entered Level 1 of the Orcish Mines
 17272 | Orc:1    | Found Raicooggyk's Distillery.
 17286 | Orc:1    | Noticed Nergalle
 17304 | Orc:1    | Killed Nergalle
 17667 | Orc:1    | Noticed a stone giant
 17668 | Orc:1    | Found Dogoteur's Distillery.
 17669 | Orc:1    | Found Peesot's General Store.
 17684 | Orc:1    | Hit by a large rock thrown by a stone giant

Vault maps used:
D:1:      dpeg_arrival_solitude, kennysheep_boxes
D:2:      grunt_temple_overflow_holy_war, xom_teletrap_fun,
          chequers_ecumenical_altar_island, first_bread, minmay_misc_feat_tower,
          nrook_mini_backslash, hangedman_feature_mirror, uniq_terence
D:3:      kennysheep_big_flooded_room, zin_statuary, makhleb_blood_cavern_becter
D:4:      vehumet_altar_wand_db, serial_shops, nicolae_shop_overgrown_old_shop
D:5:      minmay_temple_entry_glassed_door
D:6:      wad_guarded_room, kennysheep_little_box, overflow_temple_1_default,
          serial_shops, nicolae_shop_waterfront,
          eino_small_chamber_without_monster, uniq_edmund
D:7:      okawaru_metal_pillars_3
D:8:      grunt_temple_overflow_open, lair_entry_dummy, serial_shops, shop
D:9:      lemuel_doored_altar
D:10:     serial_shops, shop
D:11:     grunt_livestock
D:12:     enter_trove_3, portal_ice_cave_entry_imps, serial_shops, shop,
          uniq_azrael, uniq_sonja
D:13:     erik_vaults_2, basic_altar, kennysheep_opposing_triangles, uniq_urug
Temple:   jpeg_temple_clearing
Orc:1:    serial_shops, shop, nicolae_shop_window_shopping, shop, shop,
          uniq_nergalle

Skill      XL: |  1  2  3  4  5  6  7  8  9 10 11 |
---------------+----------------------------------+-----
Axes           | 3 4 5 6 9 |  9.8
Armour         | 1 2 3 4 |  4.9
Dodging        | 3 4 5 6 |  6.8
Shields        | 1 2 3 4 5 7 |  7.0
Fighting       | 3 4 6 7 8 |  8.1
Evocations     | 1 2 |  2.0
Maces & Flails | 2 4 |  4.9
Stealth        | 1 |  1.5
Throwing       | |  1.6

Action                   |  1- 3 |  4- 6 |  7- 9 | 10-12 || total
-------------------------+-------+-------+-------+-------++-------
Melee: War axe           |    72 |   299 |   199 |   327 ||   897
       Mace              |       |       |    67 |       ||    67
       Flail             |       |       |   232 |       ||   232
Throw: Throwing net      |     3 |     2 |     3 |     4 ||    12
Invok: Potion Petition   |       |       |     1 |       ||     1
       Call Merchant     |       |       |     1 |       ||     1
Evoke: Wand              |       |     7 |    16 |     3 ||    26
       Lightning rod     |       |       |       |     4 ||     4
  Use: Scroll            |       |     4 |     3 |    15 ||    22
 Stab: Held in net/web   |     1 |       |       |     1 ||     2
       Paralysed         |       |       |    13 |     3 ||    16
       Distracted        |       |       |     3 |     1 ||     4
       Sleeping          |       |       |       |     3 ||     3
Armor: Leather armour    |    13 |     3 |   137 |   104 ||   257
       Ring mail         |    19 |    86 |       |       ||   105
Dodge: Dodged            |    47 |   131 |   312 |   150 ||   640
Block: Shield            |    18 |   123 |   276 |   192 ||   609
